Tappara Tampere vs Toronto St Pats
Created - Thursday, April 17, 2025 at 08:36
Goals
|
| Tappara Tampere |
1 |
1 |
3 |
5 |
| Toronto St Pats |
1 |
1 |
1 |
3 |
|
Shots
|
| Tappara Tampere |
20 |
2 |
14 |
36 |
| Toronto St Pats |
16 |
8 |
9 |
33 |
|
1st period
1. Tappara Tampere , Zach Parise 26 (Jayson Megna 40, Mattias Janmark 23) at 6:54
2. Toronto St Pats , Brendan Gaunce 19 (Lucas Carlsson 9, Brett Berard 20) at 17:19
Penalties :
Nikita Okhotiuk (TSP) for Roughing (Double Minor) at 17:46
2nd period
3. Toronto St Pats , Travis Boyd 30 (Nick Cousins 36, Connor Dewar 52) at 15:00
4. Tappara Tampere , Jakob Silfverberg 24 (William Eklund 38, John Klingberg 36) at 18:36
Penalties :
Nick Cousins (TSP) for Holding (Minor) at 5:37
3rd period
5. Tappara Tampere , Mattias Janmark 22 (Ben Hutton 26, Zach Parise 36) at 0:21
6. Toronto St Pats , Travis Boyd 31 (Connor Dewar 53, Nikita Okhotiuk 40) at 13:16
7. Tappara Tampere , Dominik Kubalik 29 (Calvin De Haan 20, Jan Rutta 30) at 15:28
8. Tappara Tampere , Tomas Nosek 13 (Zach Parise 37) at 19:35 (Empty Net)
Penalties :
Mackie Samoskevich (TSP) for Fighting (Major) at 0:09, Jakob Silfverberg (TAP) for Fighting (Major) at 0:09, Jan Rutta (TAP) for Cross-checking (Minor) at 4:13, Austin Watson (TSP) for Fighting (Major) at 16:18, Jayson Megna (TAP) for Fighting (Major) at 16:18
Goalie Stats
Chris Driedger (TAP), 30 saves from 33 shots - (0.909), W, 18-9-2, 60:00 minutes
Matt Murray (TSP), 31 saves from 35 shots - (0.886), L, 23-9-0, 59:42 minutes
Players Stats for Tappara Tampere
Player Name G A P +/- PIM S H SB GA TA FO MP PP MP PK MP
------------------------------------------------------------------------------------
0 0 0 0 0 0 0 0 0 0 0/0 0:00 0:00 0:00
Andreas Englund 0 0 0 1 0 1 3 1 0 0 0/0 17:31 0:00 1:10
Andrew Cogliano 0 0 0 0 0 1 0 0 0 0 0/0 12:58 0:00 0:00
Ben Hutton 0 1 1 1 0 1 3 1 0 3 0/0 20:02 2:53 0:00
Calvin De Haan 0 1 1 0 0 3 3 2 0 2 0/0 22:42 3:05 1:10
Dominik Kubalik 1 0 1 -1 0 3 0 0 0 0 0/0 12:14 3:01 0:00
Jakob Silfverberg 1 0 1 1 5 1 0 3 1 0 1/1 16:58 3:01 0:43
Jan Rutta 0 1 1 0 2 1 3 1 0 0 0/0 21:54 3:05 0:00
Jayson Megna 0 1 1 1 5 5 1 0 0 0 4/6 15:48 3:01 0:00
John Klingberg 0 1 1 1 0 4 3 2 0 1 0/0 20:57 2:53 0:49
Kent Johnson 0 0 0 0 0 5 0 0 0 1 6/16 13:51 0:00 0:18
Klim Kostin 0 0 0 0 0 2 2 0 1 1 0/1 15:30 0:00 0:00
Logan Stankoven 0 0 0 1 0 3 3 0 0 0 6/18 17:19 2:57 0:00
Mattias Janmark 1 1 2 2 0 2 1 0 1 0 1/1 15:34 0:00 0:53
Sam Carrick 0 0 0 -1 0 0 3 0 0 0 1/3 11:09 0:00 0:59
Sebastian J Aho 0 0 0 1 0 0 0 2 0 0 0/0 17:21 0:00 0:49
Tomas Nosek 1 0 1 0 0 1 2 0 0 1 2/3 11:13 0:00 0:51
William Eklund 0 1 1 1 0 0 0 1 2 0 0/1 17:42 2:57 0:23
Zach Parise 1 2 3 2 0 3 0 0 1 0 1/2 17:24 2:57 0:00
Players Stats for Toronto St Pats
Player Name G A P +/- PIM S H SB GA TA FO MP PP MP PK MP
------------------------------------------------------------------------------------
0 0 0 0 0 0 0 0 0 0 0/0 0:00 0:00 0:00
Austin Watson 0 0 0 -1 5 5 3 0 0 1 0/0 13:58 0:47 0:17
Bogdan Trineyev 0 0 0 0 0 1 2 2 0 0 0/1 11:20 0:00 0:00
Brendan Brisson 0 0 0 -1 0 3 3 1 0 1 8/17 17:29 1:03 2:50
Brendan Gaunce 1 0 1 -3 0 1 1 0 0 0 3/4 14:25 0:08 0:00
Brett Berard 0 1 1 -2 0 2 0 0 1 0 0/0 13:31 0:00 0:51
Connor Dewar 0 2 2 1 0 1 0 0 2 0 12/19 18:21 0:56 3:08
John Farinacci 0 0 0 0 0 0 0 1 0 0 1/4 11:20 0:00 0:00
Lassi Thomson 0 0 0 0 0 0 0 1 0 1 0/0 17:46 0:00 2:05
Lucas Carlsson 0 1 1 0 0 1 0 0 0 0 0/0 16:20 0:00 0:12
Mackie Samoskevich 0 0 0 0 5 3 2 1 1 0 1/1 12:49 0:31 0:00
Matthew Maggio 0 0 0 0 0 0 4 0 0 0 0/0 11:20 0:00 0:00
Nick Cousins 0 1 1 1 2 6 2 1 2 0 0/0 18:18 0:56 2:11
Nikita Okhotiuk 0 1 1 0 4 1 2 2 1 1 0/0 22:54 0:51 1:05
Pierre-Olivier Joseph 0 0 0 0 0 1 2 4 1 1 0/0 24:07 0:51 3:10
Ryan Tverberg 0 0 0 -2 0 0 0 0 0 0 0/0 13:28 0:40 0:00
Sam Malinski 0 0 0 -2 0 1 1 1 0 1 0/0 19:26 1:08 2:48
Scott Perunovich 0 0 0 -2 0 1 4 1 0 0 0/0 18:58 1:08 2:36
Travis Boyd 2 0 2 1 0 6 0 0 1 0 5/6 18:08 0:56 2:39
3 Stars
1 - Zach Parise (TAP)
2 - Mattias Janmark (TAP)
3 - Travis Boyd (TSP)
Power Play
Tappara Tampere - 0 on 3 Attempt(s) - 0.00%
Toronto St Pats - 0 on 1 Attempt(s) - 0.00%
Penalty Kill
Tappara Tampere - 1 on 1 Attempt(s) - 100.00%
- Score 0 goal in Penalty Kill
Toronto St Pats - 3 on 3 Attempt(s) - 100.00%
- Score 0 goal in Penalty Kill
Team Stat
Tappara Tampere - Hits : 27 - Faceoff Wins : 22 - Blocked Shots : 13 - Penalty Minutes : 12
Toronto St Pats - Hits : 26 - Faceoff Wins : 30 - Blocked Shots : 15 - Penalty Minutes : 16
Official
Referees : Francois St Laurent and Tj Luxmore
Linesman : Ryan Galloway and Caleb Apperson
Game Notes
Jakob Silfverberg beats up Mackie Samoskevich at 0:09 of 3rd period
Austin Watson beats up Jayson Megna at 16:18 of 3rd period
Tomas Nosek has scored in a empty net!
Tappara Tampere
5 vs 5 Forward
Center Left Wing Right Wing Time % Phy DF OF
1 Logan Stankoven William Eklund Jakob Silfverberg 30 0 0 5
2 Jayson Megna Zach Parise Mattias Janmark 30 0 1 4
3 Kent Johnson Andrew Cogliano Klim Kostin 28 0 1 4
4 Sam Carrick Tomas Nosek Dominik Kubalik 12 1 2 2
5 vs 5 Defense
Defense Defense Time % Phy DF OF
1 Jan Rutta Calvin De Haan 35 1 2 2
2 John Klingberg Ben Hutton 35 1 2 2
3 Sebastian J Aho Andreas Englund 30 1 2 2
4 Jan Rutta Calvin De Haan 0 1 2 2
PowerPlay Forward
Center Left Wing Right Wing Time % Phy DF OF
1 Logan Stankoven William Eklund Zach Parise 50 0 0 5
2 Jayson Megna Jakob Silfverberg Dominik Kubalik 50 0 0 5
PowerPlay Defense
Defense Defense Time % Phy DF OF
1 Jan Rutta Calvin De Haan 50 0 0 5
2 John Klingberg Ben Hutton 50 0 0 5
Penalty Kill 4 Players Forward
Center Wing Time % Phy DF OF
1 Tomas Nosek Jakob Silfverberg 50 1 2 2
2 Sam Carrick Mattias Janmark 50 1 2 2
Penalty Kill 4 Players Defense
Defense Defense Time % Phy DF OF
1 Jan Rutta Andreas Englund 50 0 0 5
2 Calvin De Haan Sebastian J Aho 50 0 5 0
Penalty Kill - 3 Players Forward
Forward Time % Phy DF OF
1 Sam Carrick 50 0 5 0
2 Tomas Nosek 50 0 5 0
Penalty Kill - 3 Players Defense
Defense Defense Time % Phy DF OF
1 Jan Rutta Andreas Englund 50 0 5 0
2 Sebastian J Aho Calvin De Haan 50 0 5 0
4 vs 4 Forward
Center Wing Time % Phy DF OF
1 William Eklund Zach Parise 50 0 1 4
2 Jakob Silfverberg Logan Stankoven 50 0 1 4
4 vs 4 Defense
Defense Defense Time % Phy DF OF
1 Jan Rutta Calvin De Haan 50 1 4 0
2 John Klingberg Ben Hutton 50 1 4 0
Last Minutes Offensive
Center Left Wing Right Wing Defense Defense
Logan Stankoven William Eklund Zach Parise John Klingberg Calvin De Haan
Last Minutes Defensive
Center Left Wing Right Wing Defense Defense
Tomas Nosek Zach Parise Mattias Janmark Jan Rutta Calvin De Haan
Goaltenders
Starting : Chris Driedger
Backup : Joel Hofer
Extra Forwards
Normal : Klim Kostin, Kent Johnson, Sam Carrick - PP : Klim Kostin, Kent Johnson - PK : Sam Carrick
Extra Defensemen
Normal : Sebastian J Aho, Andreas Englund, John Klingberg - PP : Sebastian J Aho - PK : Andreas Englund, Calvin De Haan
Penalty Shots
William Eklund, Zach Parise, Jakob Silfverberg, Andrew Cogliano, Logan Stankoven
Scratches
Niko Mikkola (Healthy), Roni Hirvonen (Healthy), Ville Ottavainen (Healthy), Max Sasson (Healthy), Jesper Vikman (Healthy)
Nikita Tolopilo (Healthy), Brandon Bussi (Healthy)
Toronto St Pats
5 vs 5 Forward
Center Left Wing Right Wing Time % Phy DF OF
1 Connor Dewar Nick Cousins Travis Boyd 30 1 2 2
2 Brendan Brisson Austin Watson Mackie Samoskevich 30 1 2 2
3 Brendan Gaunce Brett Berard Ryan Tverberg 25 1 2 2
4 John Farinacci Bogdan Trineyev Matthew Maggio 15 1 2 2
5 vs 5 Defense
Defense Defense Time % Phy DF OF
1 Nikita Okhotiuk Pierre-Olivier Joseph 30 1 2 2
2 Sam Malinski Scott Perunovich 30 1 2 2
3 Lucas Carlsson Lassi Thomson 25 1 2 2
4 Nikita Okhotiuk Pierre-Olivier Joseph 15 1 2 2
PowerPlay Forward
Center Left Wing Right Wing Time % Phy DF OF
1 Connor Dewar Nick Cousins Travis Boyd 50 1 2 2
2 Brendan Brisson Austin Watson Mackie Samoskevich 50 1 2 2
PowerPlay Defense
Defense Defense Time % Phy DF OF
1 Nikita Okhotiuk Pierre-Olivier Joseph 50 1 2 2
2 Sam Malinski Scott Perunovich 50 1 2 2
Penalty Kill 4 Players Forward
Center Wing Time % Phy DF OF
1 Connor Dewar Nick Cousins 50 1 2 2
2 Travis Boyd Brendan Brisson 50 1 2 2
Penalty Kill 4 Players Defense
Defense Defense Time % Phy DF OF
1 Nikita Okhotiuk Pierre-Olivier Joseph 50 1 2 2
2 Sam Malinski Scott Perunovich 50 1 2 2
Penalty Kill - 3 Players Forward
Forward Time % Phy DF OF
1 Connor Dewar 50 1 2 2
2 Nick Cousins 50 1 2 2
Penalty Kill - 3 Players Defense
Defense Defense Time % Phy DF OF
1 Nikita Okhotiuk Pierre-Olivier Joseph 50 1 2 2
2 Sam Malinski Scott Perunovich 50 1 2 2
4 vs 4 Forward
Center Wing Time % Phy DF OF
1 Connor Dewar Nick Cousins 50 1 2 2
2 Travis Boyd Brendan Brisson 50 1 2 2
4 vs 4 Defense
Defense Defense Time % Phy DF OF
1 Nikita Okhotiuk Pierre-Olivier Joseph 50 1 2 2
2 Sam Malinski Scott Perunovich 50 1 2 2
Last Minutes Offensive
Center Left Wing Right Wing Defense Defense
Connor Dewar Nick Cousins Travis Boyd Nikita Okhotiuk Pierre-Olivier Joseph
Last Minutes Defensive
Center Left Wing Right Wing Defense Defense
Connor Dewar Nick Cousins Travis Boyd Nikita Okhotiuk Pierre-Olivier Joseph
Goaltenders
Starting : Matt Murray
Backup : Adam Scheel
Extra Forwards
Normal : Brendan Gaunce, Brett Berard, Ryan Tverberg - PP : Ryan Tverberg, Brendan Gaunce - PK : Brett Berard
Extra Defensemen
Normal : Lucas Carlsson, Lassi Thomson, Sam Malinski - PP : Lucas Carlsson - PK : Lassi Thomson, Sam Malinski
Penalty Shots
Connor Dewar, Nick Cousins, Travis Boyd, Brendan Brisson, Austin Watson
Scratches
Cole McWard (Healthy), Nico Myatovic (Healthy), Eetu Liukas (Healthy), Ville Koivunen (Healthy), Jake Leschyshyn (Healthy)
Jakub Skarek (Healthy), Brett Brochu (Healthy), Will Cranley (Healthy)
% Time on Ice - Tappara Tampere
Lines # - Real PCT - Wanted PCT - Time Play
Normal Forward
1 - 28% - 30% - 14:22
2 - 28% - 30% - 14:21
3 - 25% - 28% - 12:58
4 - 19% - 12% - 9:36
Normal Defense
1 - 35% - 35% - 18:06
2 - 35% - 35% - 18:04
3 - 29% - 30% - 15:07
4 - 0% - 0% - 0:00
PP Forward
1 - 49% - 50% - 2:57
2 - 51% - 50% - 3:01
PP Defense
1 - 52% - 50% - 3:05
2 - 48% - 50% - 2:53
PK Forward
1 - 55% - 50% - 1:06
2 - 45% - 50% - 0:53
PK Defense
1 - 100% - 50% - 1:59
2 - 0% - 50% - 0:00
PK3 Forward
1 - 0% - 50%
2 - 0% - 50%
PK3 Defense
1 - 0% - 50%
2 - 0% - 50%
44 Forward
1 - 0% - 50%
2 - 0% - 50%
44 Defense
1 - 0% - 50%
2 - 0% - 50%
Last Minute Offensive - 0:00
Last Minute Defensive - 0:46
Total
Forward - 60:00
Defense - 60:00
|
% Time on Ice - Toronto St Pats
Lines # - Real PCT - Wanted PCT - Time Play
Normal Forward
1 - 27% - 30% - 13:58
2 - 26% - 30% - 13:36
3 - 24% - 25% - 12:26
4 - 22% - 15% - 11:20
Normal Defense
1 - 28% - 30% - 14:22
2 - 30% - 30% - 15:14
3 - 30% - 25% - 15:31
4 - 12% - 15% - 6:13
PP Forward
1 - 47% - 50% - 0:56
2 - 53% - 50% - 1:03
PP Defense
1 - 43% - 50% - 0:51
2 - 57% - 50% - 1:08
PK Forward
1 - 61% - 50% - 3:39
2 - 39% - 50% - 2:19
PK Defense
1 - 56% - 50% - 3:22
2 - 44% - 50% - 2:36
PK3 Forward
1 - 0% - 50%
2 - 0% - 50%
PK3 Defense
1 - 0% - 50%
2 - 0% - 50%
44 Forward
1 - 0% - 50%
2 - 0% - 50%
44 Defense
1 - 0% - 50%
2 - 0% - 50%
Last Minute Offensive - 0:43
Last Minute Defensive - 0:00
Total
Forward - 60:00
Defense - 60:00
|
Play-by-Play
1st period
0:01 of 1st period - Connor Dewar wins face-off versus Logan Stankoven in neutral zone.
0:10 of 1st period - Snap shot by Logan Stankoven.
0:10 of 1st period - Stopped by Matt Murray with a rebound.
0:26 of 1st period - Austin Watson is hit by Mattias Janmark and loses puck.
0:49 of 1st period - Wrist shot by Jayson Megna.
0:49 of 1st period - Stopped by Matt Murray with a rebound.
1:15 of 1st period - Wrist shot by Brett Berard.
1:15 of 1st period - Stopped by Chris Driedger without a rebound.
1:16 of 1st period - John Farinacci wins face-off versus Sam Carrick in Tappara Tampere zone.
1:17 of 1st period - Wrist shot by Matthew Maggio.
1:17 of 1st period - Deflect By Bogdan Trineyev.
1:17 of 1st period - Shot Misses the Net.
1:17 of 1st period - Puck is out of play.
1:18 of 1st period - Kent Johnson wins face-off versus John Farinacci in Tappara Tampere zone.
1:18 of 1st period - Kent Johnson is hit by Bogdan Trineyev.
1:24 of 1st period - John Farinacci is hit by Andreas Englund and loses puck.
1:43 of 1st period - Andreas Englund is hit by Nick Cousins and loses puck.
1:48 of 1st period - Snap shot by Travis Boyd.
1:48 of 1st period - Deflect By Connor Dewar.
1:48 of 1st period - Shot Blocked by Sebastian J Aho.
1:48 of 1st period - Puck is out of play.
1:49 of 1st period - Connor Dewar wins face-off versus Logan Stankoven in Tappara Tampere zone.
2:21 of 1st period - Snap shot by Jayson Megna.
2:21 of 1st period - Shot Misses the Net.
3:17 of 1st period - Icing by Travis Boyd.
3:18 of 1st period - Connor Dewar wins face-off versus Jayson Megna in Toronto St Pats zone.
3:22 of 1st period - Off-side.
3:23 of 1st period - Connor Dewar wins face-off versus Kent Johnson in neutral zone.
3:28 of 1st period - Wrist shot by Connor Dewar.
3:28 of 1st period - Shot Misses the Net.
3:36 of 1st period - Lassi Thomson is hit by Ben Hutton and loses puck.
4:11 of 1st period - Snap shot by Brendan Brisson.
4:11 of 1st period - Shot Misses the Net.
4:23 of 1st period - Wrist shot by Brett Berard.
4:23 of 1st period - Shot Blocked by Sebastian J Aho.
4:29 of 1st period - Lucas Carlsson is hit by Andreas Englund and loses puck.
4:44 of 1st period - Snap shot by Jayson Megna.
4:44 of 1st period - Stopped by Matt Murray with a rebound.
4:46 of 1st period - Wrist shot by Jayson Megna.
4:46 of 1st period - Stopped by Matt Murray with a rebound.
5:52 of 1st period - Wrist shot by Zach Parise.
5:52 of 1st period - Shot Misses the Net.
5:54 of 1st period - Snap shot by Jayson Megna.
5:54 of 1st period - Stopped by Matt Murray with a rebound.
6:09 of 1st period - Snap shot by Zach Parise.
6:09 of 1st period - Stopped by Matt Murray with a rebound.
6:42 of 1st period - Wrist shot by Mattias Janmark.
6:42 of 1st period - Stopped by Matt Murray with a rebound.
6:48 of 1st period - Snap shot by Zach Parise.
6:48 of 1st period - Shot Misses the Net.
6:50 of 1st period - Snap shot by Jayson Megna.
6:50 of 1st period - Shot Misses the Net.
6:52 of 1st period - Wrist shot by Zach Parise.
6:52 of 1st period - Shot Hit the Post.
6:54 of 1st period - Slapshot by Zach Parise.
6:54 of 1st period - Goal by Zach Parise - Tappara Tampere : 1 - Toronto St Pats : 0.
6:55 of 1st period - Brendan Brisson wins face-off versus Kent Johnson in neutral zone.
6:57 of 1st period - Off-side.
6:58 of 1st period - Kent Johnson wins face-off versus Brendan Brisson in neutral zone.
7:09 of 1st period - Wrist shot by Brendan Brisson.
7:09 of 1st period - Stopped by Chris Driedger without a rebound.
7:10 of 1st period - Logan Stankoven wins face-off versus Brendan Brisson in Tappara Tampere zone.
7:15 of 1st period - Snap shot by Brendan Brisson.
7:15 of 1st period - Deflect By Mackie Samoskevich.
7:15 of 1st period - Stopped by Chris Driedger without a rebound.
7:16 of 1st period - Brendan Brisson wins face-off versus Logan Stankoven in Tappara Tampere zone.
7:19 of 1st period - Snap shot by Brendan Brisson.
7:19 of 1st period - Deflect By Austin Watson.
7:19 of 1st period - Shot Blocked by William Eklund.
7:19 of 1st period - Puck is out of play.
7:20 of 1st period - Logan Stankoven wins face-off versus Brendan Brisson in Tappara Tampere zone.
7:58 of 1st period - Snap shot by Austin Watson.
7:58 of 1st period - Stopped by Chris Driedger with a rebound.
8:00 of 1st period - Wrist shot by Pierre-Olivier Joseph.
8:00 of 1st period - Shot Blocked by Jakob Silfverberg.
8:02 of 1st period - Slapshot by Nikita Okhotiuk.
8:02 of 1st period - Shot Blocked by Ben Hutton.
8:04 of 1st period - Slapshot by Nikita Okhotiuk.
8:04 of 1st period - Shot Blocked by Jakob Silfverberg.
8:18 of 1st period - Wrist shot by Austin Watson.
8:18 of 1st period - Stopped by Chris Driedger with a rebound.
8:20 of 1st period - Wrist shot by Brendan Brisson.
8:20 of 1st period - Stopped by Chris Driedger with a rebound.
8:22 of 1st period - Snap shot by Mackie Samoskevich.
8:22 of 1st period - Stopped by Chris Driedger with a rebound.
8:24 of 1st period - Slapshot by Nikita Okhotiuk.
8:24 of 1st period - Stopped by Chris Driedger with a rebound.
8:33 of 1st period - Snap shot by Mackie Samoskevich.
8:33 of 1st period - Stopped by Chris Driedger without a rebound.
8:34 of 1st period - Kent Johnson wins face-off versus Connor Dewar in Tappara Tampere zone.
9:07 of 1st period - Scott Perunovich is hit by Jan Rutta and loses puck.
9:20 of 1st period - Sebastian J Aho is hit by Scott Perunovich and loses puck.
9:42 of 1st period - Andreas Englund is hit by Matthew Maggio and loses puck.
11:49 of 1st period - John Farinacci is hit by Logan Stankoven and loses puck.
12:06 of 1st period - Nikita Okhotiuk is hit by Calvin De Haan and loses puck.
12:36 of 1st period - Wrist shot by Brett Berard.
12:36 of 1st period - Deflect By Kent Johnson.
12:36 of 1st period - Stopped by Chris Driedger without a rebound.
12:37 of 1st period - Connor Dewar wins face-off versus Kent Johnson in Tappara Tampere zone.
13:39 of 1st period - Off-side.
13:40 of 1st period - Connor Dewar wins face-off versus Kent Johnson in neutral zone.
13:47 of 1st period - Wrist shot by Klim Kostin.
13:47 of 1st period - Stopped by Matt Murray with a rebound.
14:11 of 1st period - Wrist shot by Klim Kostin.
14:11 of 1st period - Shot Misses the Net.
14:19 of 1st period - Snap shot by Kent Johnson.
14:19 of 1st period - Stopped by Matt Murray with a rebound.
14:21 of 1st period - Slapshot by Andreas Englund.
14:21 of 1st period - Stopped by Matt Murray with a rebound.
14:23 of 1st period - Slapshot by Sebastian J Aho.
14:23 of 1st period - Shot Blocked by John Farinacci.
14:27 of 1st period - Slapshot by Andrew Cogliano.
14:27 of 1st period - Stopped by Matt Murray with a rebound.
14:29 of 1st period - Snap shot by Jan Rutta.
14:29 of 1st period - Stopped by Matt Murray with a rebound.
14:31 of 1st period - Slapshot by Calvin De Haan.
14:31 of 1st period - Stopped by Matt Murray with a rebound.
14:33 of 1st period - Slapshot by Jan Rutta.
14:33 of 1st period - Shot Misses the Net.
14:35 of 1st period - Slapshot by Calvin De Haan.
14:35 of 1st period - Shot Blocked by Pierre-Olivier Joseph.
14:37 of 1st period - Slapshot by John Klingberg.
14:37 of 1st period - Stopped by Matt Murray with a rebound.
14:39 of 1st period - Wrist shot by Klim Kostin.
14:39 of 1st period - Shot Blocked by Pierre-Olivier Joseph.
14:43 of 1st period - Snap shot by Kent Johnson.
14:43 of 1st period - Stopped by Matt Murray without a rebound.
14:44 of 1st period - Connor Dewar wins face-off versus Logan Stankoven in Toronto St Pats zone.
14:53 of 1st period - Slapshot by Logan Stankoven.
14:53 of 1st period - Stopped by Matt Murray with a rebound.
15:09 of 1st period - John Klingberg is hit by Austin Watson and loses puck.
15:16 of 1st period - Snap shot by Mackie Samoskevich.
15:16 of 1st period - Deflect By Ben Hutton.
15:16 of 1st period - Shot Misses the Net.
15:16 of 1st period - Puck is out of play.
15:17 of 1st period - Brendan Brisson wins face-off versus Logan Stankoven in Tappara Tampere zone.
15:18 of 1st period - Snap shot by Austin Watson.
15:18 of 1st period - Stopped by Chris Driedger with a rebound.
15:26 of 1st period - Snap shot by Jakob Silfverberg.
15:26 of 1st period - Shot Misses the Net.
15:28 of 1st period - Wrist shot by Jakob Silfverberg.
15:28 of 1st period - Shot Misses the Net.
15:53 of 1st period - Sam Malinski is hit by Sam Carrick and loses puck.
16:24 of 1st period - Snap shot by Travis Boyd.
16:24 of 1st period - Shot Blocked by John Klingberg.
16:26 of 1st period - Slapshot by Nick Cousins.
16:26 of 1st period - Stopped by Chris Driedger with a rebound.
16:46 of 1st period - Lucas Carlsson is hit by Logan Stankoven and loses puck.
17:15 of 1st period - Snap shot by Brett Berard.
17:15 of 1st period - Shot Misses the Net.
17:17 of 1st period - Slapshot by Lucas Carlsson.
17:17 of 1st period - Shot Blocked by Andreas Englund.
17:19 of 1st period - Slapshot by Brendan Gaunce.
17:19 of 1st period - Goal by Brendan Gaunce - Tappara Tampere : 1 - Toronto St Pats : 1.
17:20 of 1st period - Connor Dewar wins face-off versus Logan Stankoven in neutral zone.
17:23 of 1st period - Slapshot by Connor Dewar.
17:23 of 1st period - Stopped by Chris Driedger with a rebound.
17:25 of 1st period - Snap shot by Travis Boyd.
17:25 of 1st period - Shot Misses the Net.
17:27 of 1st period - Slapshot by Travis Boyd.
17:27 of 1st period - Stopped by Chris Driedger with a rebound.
17:29 of 1st period - Wrist shot by Nick Cousins.
17:29 of 1st period - Shot Blocked by Calvin De Haan.
17:46 of 1st period - Double Minor Penalty to Nikita Okhotiuk for Roughing.
17:47 of 1st period - Logan Stankoven wins face-off versus Connor Dewar in Toronto St Pats zone.
17:48 of 1st period - Wrist shot by William Eklund.
17:48 of 1st period - Deflect By Logan Stankoven.
17:48 of 1st period - Shot Misses the Net.
17:48 of 1st period - Puck is out of play.
17:49 of 1st period - Logan Stankoven wins face-off versus Connor Dewar in Toronto St Pats zone.
18:04 of 1st period - Wrist shot by Travis Boyd.
18:04 of 1st period - Stopped by Chris Driedger with a rebound.
18:24 of 1st period - Wrist shot by Jayson Megna.
18:24 of 1st period - Stopped by Matt Murray without a rebound.
18:25 of 1st period - Travis Boyd wins face-off versus Jayson Megna in Toronto St Pats zone.
18:34 of 1st period - Nick Cousins is hit by John Klingberg and loses puck.
18:49 of 1st period - Brendan Brisson is hit by Ben Hutton and loses puck.
19:16 of 1st period - Wrist shot by Jayson Megna.
19:16 of 1st period - Shot Blocked by Nick Cousins.
19:18 of 1st period - Slapshot by John Klingberg.
19:18 of 1st period - Stopped by Matt Murray with a rebound.
19:20 of 1st period - Backhand shot by Jayson Megna.
19:20 of 1st period - Deflect By Dominik Kubalik.
19:20 of 1st period - Stopped by Matt Murray with a rebound.
19:22 of 1st period - Wrist shot by Jayson Megna.
19:22 of 1st period - Deflect By Dominik Kubalik.
19:22 of 1st period - Shot Blocked by Lassi Thomson.
19:22 of 1st period - Puck is out of play.
19:23 of 1st period - Travis Boyd wins face-off versus Logan Stankoven in Toronto St Pats zone.
Goals for this period are 1 for Tappara Tampere vs 1 for Toronto St Pats.
Shots for this period are 20 for Tappara Tampere vs 16 for Toronto St Pats.
2nd period
0:01 of 2nd period - Travis Boyd wins face-off versus Logan Stankoven in neutral zone.
1:45 of 2nd period - Dominik Kubalik is hit by Nick Cousins and loses puck.
1:46 of 2nd period - Penalty to Nikita Okhotiuk is over, Nikita Okhotiuk is back on ice.
2:29 of 2nd period - Sebastian J Aho is hit by Nikita Okhotiuk and loses puck.
2:38 of 2nd period - Sam Carrick is hit by Nikita Okhotiuk.
3:39 of 2nd period - Sam Malinski is hit by Klim Kostin and loses puck.
4:05 of 2nd period - Slapshot by Logan Stankoven.
4:05 of 2nd period - Shot Misses the Net.
4:17 of 2nd period - Austin Watson is hit by Calvin De Haan and loses puck.
4:22 of 2nd period - Wrist shot by Mattias Janmark.
4:22 of 2nd period - Shot Misses the Net.
4:52 of 2nd period - Pierre-Olivier Joseph is hit by Logan Stankoven and loses puck.
4:59 of 2nd period - Sebastian J Aho is hit by Pierre-Olivier Joseph.
5:13 of 2nd period - Snap shot by Zach Parise.
5:13 of 2nd period - Shot Misses the Net.
5:31 of 2nd period - Wrist shot by Andrew Cogliano.
5:31 of 2nd period - Shot Misses the Net.
5:37 of 2nd period - Minor Penalty to Nick Cousins for Holding.
5:38 of 2nd period - Travis Boyd wins face-off versus Logan Stankoven in Toronto St Pats zone.
6:41 of 2nd period - William Eklund is hit by Scott Perunovich and loses puck.
7:32 of 2nd period - Calvin De Haan is hit by Brendan Brisson and loses puck.
7:37 of 2nd period - Penalty to Nick Cousins is over, Nick Cousins is back on ice.
9:11 of 2nd period - Sebastian J Aho is hit by Brendan Gaunce and loses puck.
9:40 of 2nd period - Kent Johnson is hit by Austin Watson and loses puck.
11:04 of 2nd period - Brendan Gaunce is hit by John Klingberg and loses puck.
11:15 of 2nd period - Snap shot by Brendan Brisson.
11:15 of 2nd period - Shot Hit the Post.
11:31 of 2nd period - Brendan Gaunce is hit by Jan Rutta and loses puck.
12:14 of 2nd period - Ben Hutton is hit by Mackie Samoskevich and loses puck.
12:40 of 2nd period - Nikita Okhotiuk is hit by Sam Carrick and loses puck.
13:09 of 2nd period - Mattias Janmark is hit by Scott Perunovich and loses puck.
13:24 of 2nd period - Logan Stankoven is hit by Matthew Maggio and loses puck.
13:38 of 2nd period - Icing by Lassi Thomson.
13:39 of 2nd period - Sam Carrick wins face-off versus John Farinacci in Toronto St Pats zone.
14:00 of 2nd period - Snap shot by John Farinacci.
14:00 of 2nd period - Shot Blocked by Jan Rutta.
14:02 of 2nd period - Snap shot by Matthew Maggio.
14:02 of 2nd period - Shot Blocked by Jakob Silfverberg.
14:04 of 2nd period - Slapshot by John Farinacci.
14:04 of 2nd period - Shot Misses the Net.
14:06 of 2nd period - Wrist shot by Bogdan Trineyev.
14:06 of 2nd period - Stopped by Chris Driedger with a rebound.
14:08 of 2nd period - Snap shot by Matthew Maggio.
14:08 of 2nd period - Shot Blocked by Calvin De Haan.
14:10 of 2nd period - Snap shot by Lucas Carlsson.
14:10 of 2nd period - Stopped by Chris Driedger with a rebound.
14:12 of 2nd period - Wrist shot by John Farinacci.
14:12 of 2nd period - Shot Misses the Net.
14:50 of 2nd period - Snap shot by John Farinacci.
14:50 of 2nd period - Deflect By Nick Cousins.
14:50 of 2nd period - Stopped by Chris Driedger without a rebound.
14:51 of 2nd period - Connor Dewar wins face-off versus Sam Carrick in Tappara Tampere zone.
14:58 of 2nd period - Wrist shot by Nick Cousins.
14:58 of 2nd period - Stopped by Chris Driedger with a rebound.
15:00 of 2nd period - Snap shot by Travis Boyd.
15:00 of 2nd period - Goal by Travis Boyd - Tappara Tampere : 1 - Toronto St Pats : 2.
15:01 of 2nd period - Brendan Brisson wins face-off versus Logan Stankoven in neutral zone.
15:39 of 2nd period - Snap shot by Zach Parise.
15:39 of 2nd period - Shot Blocked by Pierre-Olivier Joseph.
16:24 of 2nd period - Snap shot by William Eklund.
16:24 of 2nd period - Shot Misses the Net.
17:21 of 2nd period - Snap shot by Dominik Kubalik.
17:21 of 2nd period - Stopped by Matt Murray with a rebound.
17:23 of 2nd period - Snap shot by Tomas Nosek.
17:23 of 2nd period - Shot Misses the Net.
17:25 of 2nd period - Snap shot by Tomas Nosek.
17:25 of 2nd period - Shot Blocked by Mackie Samoskevich.
18:04 of 2nd period - Slapshot by Ben Hutton.
18:04 of 2nd period - Shot Misses the Net.
18:06 of 2nd period - Slapshot by John Klingberg.
18:06 of 2nd period - Deflect By William Eklund.
18:06 of 2nd period - Shot Blocked by Nikita Okhotiuk.
18:06 of 2nd period - Puck is out of play.
18:07 of 2nd period - Connor Dewar wins face-off versus Kent Johnson in Toronto St Pats zone.
18:36 of 2nd period - Snap shot by Jakob Silfverberg.
18:36 of 2nd period - Goal by Jakob Silfverberg - Tappara Tampere : 2 - Toronto St Pats : 2.
18:37 of 2nd period - Connor Dewar wins face-off versus Logan Stankoven in neutral zone.
19:13 of 2nd period - Wrist shot by Nick Cousins.
19:13 of 2nd period - Shot Misses the Net.
19:15 of 2nd period - Slapshot by Scott Perunovich.
19:15 of 2nd period - Stopped by Chris Driedger with a rebound.
19:17 of 2nd period - Slapshot by Sam Malinski.
19:17 of 2nd period - Stopped by Chris Driedger without a rebound.
19:18 of 2nd period - Brendan Brisson wins face-off versus Logan Stankoven in Tappara Tampere zone.
19:23 of 2nd period - Slapshot by Austin Watson.
19:23 of 2nd period - Stopped by Chris Driedger with a rebound.
19:42 of 2nd period - Icing by Ryan Tverberg.
19:43 of 2nd period - Jayson Megna wins face-off versus Brendan Gaunce in Toronto St Pats zone.
Goals for this period are 1 for Tappara Tampere vs 1 for Toronto St Pats.
Shots for this period are 2 for Tappara Tampere vs 8 for Toronto St Pats.
3rd period
0:01 of 3rd period - Logan Stankoven wins face-off versus Brendan Brisson in neutral zone.
0:06 of 3rd period - Wrist shot by Logan Stankoven.
0:06 of 3rd period - Stopped by Matt Murray without a rebound.
0:07 of 3rd period - Jakob Silfverberg wins face-off versus Brendan Brisson in Toronto St Pats zone.
0:09 of 3rd period - Jakob Silfverberg beats up Mackie Samoskevich.
0:09 of 3rd period - Penalty to Mackie Samoskevich for Fighting.
0:09 of 3rd period - Penalty to Jakob Silfverberg for Fighting.
0:10 of 3rd period - Zach Parise wins face-off versus Brendan Brisson in Toronto St Pats zone.
0:15 of 3rd period - Wrist shot by Jayson Megna.
0:15 of 3rd period - Deflect By Zach Parise.
0:15 of 3rd period - Stopped by Matt Murray with a rebound.
0:17 of 3rd period - Slapshot by Ben Hutton.
0:17 of 3rd period - Stopped by Matt Murray with a rebound.
0:19 of 3rd period - Slapshot by Mattias Janmark.
0:19 of 3rd period - Shot Blocked by Brendan Brisson.
0:21 of 3rd period - Wrist shot by Mattias Janmark.
0:21 of 3rd period - Goal by Mattias Janmark - Tappara Tampere : 3 - Toronto St Pats : 2.
0:22 of 3rd period - Logan Stankoven wins face-off versus Connor Dewar in neutral zone.
0:25 of 3rd period - Slapshot by John Klingberg.
0:25 of 3rd period - Stopped by Matt Murray with a rebound.
0:56 of 3rd period - Snap shot by Zach Parise.
0:56 of 3rd period - Shot Blocked by Sam Malinski.
1:12 of 3rd period - Snap shot by Kent Johnson.
1:12 of 3rd period - Shot Blocked by Scott Perunovich.
2:26 of 3rd period - Wrist shot by Dominik Kubalik.
2:26 of 3rd period - Shot Blocked by Bogdan Trineyev.
2:34 of 3rd period - Slapshot by Dominik Kubalik.
2:34 of 3rd period - Shot Misses the Net.
3:07 of 3rd period - Snap shot by Andrew Cogliano.
3:07 of 3rd period - Deflect By Kent Johnson.
3:07 of 3rd period - Shot Blocked by Bogdan Trineyev.
3:07 of 3rd period - Puck is out of play.
3:08 of 3rd period - Kent Johnson wins face-off versus Bogdan Trineyev in Toronto St Pats zone.
3:09 of 3rd period - Wrist shot by Klim Kostin.
3:09 of 3rd period - Stopped by Matt Murray with a rebound.
3:11 of 3rd period - Slapshot by John Klingberg.
3:11 of 3rd period - Stopped by Matt Murray without a rebound.
3:12 of 3rd period - Jayson Megna wins face-off versus John Farinacci in Toronto St Pats zone.
3:26 of 3rd period - Snap shot by Sam Malinski.
3:26 of 3rd period - Shot Misses the Net.
3:28 of 3rd period - Wrist shot by Bogdan Trineyev.
3:28 of 3rd period - Shot Blocked by John Klingberg.
4:13 of 3rd period - Minor Penalty to Jan Rutta for Cross-checking.
4:14 of 3rd period - Tomas Nosek wins face-off versus Connor Dewar in Tappara Tampere zone.
4:39 of 3rd period - Brendan Brisson is hit by Andreas Englund and loses puck.
5:09 of 3rd period - Penalty to Jakob Silfverberg is over, Jakob Silfverberg is back on ice.
5:37 of 3rd period - Sebastian J Aho is hit by Brendan Brisson and loses puck.
6:13 of 3rd period - Penalty to Jan Rutta is over, Jan Rutta is back on ice.
6:22 of 3rd period - Slapshot by Kent Johnson.
6:22 of 3rd period - Shot Blocked by Nikita Okhotiuk.
6:35 of 3rd period - Kent Johnson is hit by Bogdan Trineyev and loses puck.
7:19 of 3rd period - Jayson Megna is hit by Mackie Samoskevich and loses puck.
7:32 of 3rd period - Connor Dewar is hit by Tomas Nosek and loses puck.
7:58 of 3rd period - Pierre-Olivier Joseph is hit by Klim Kostin and loses puck.
9:52 of 3rd period - Connor Dewar is hit by Sam Carrick and loses puck.
10:10 of 3rd period - Icing by Austin Watson.
10:11 of 3rd period - Brendan Brisson wins face-off versus Zach Parise in Toronto St Pats zone.
10:24 of 3rd period - Ryan Tverberg is hit by Jayson Megna.
11:01 of 3rd period - Sebastian J Aho is hit by Austin Watson and loses puck.
11:44 of 3rd period - Sam Carrick is hit by Matthew Maggio and loses puck.
12:11 of 3rd period - Backhand shot by Travis Boyd.
12:11 of 3rd period - Stopped by Chris Driedger without a rebound.
12:12 of 3rd period - Brendan Brisson wins face-off versus Kent Johnson in Tappara Tampere zone.
12:39 of 3rd period - Jakob Silfverberg is hit by Sam Malinski and loses puck.
12:48 of 3rd period - Slapshot by Nick Cousins.
12:48 of 3rd period - Deflect By John Klingberg.
12:48 of 3rd period - Stopped by Chris Driedger without a rebound.
12:49 of 3rd period - Kent Johnson wins face-off versus Brendan Brisson in Tappara Tampere zone.
13:02 of 3rd period - Wrist shot by Kent Johnson.
13:02 of 3rd period - Stopped by Matt Murray without a rebound.
13:03 of 3rd period - Jayson Megna wins face-off versus Travis Boyd in Toronto St Pats zone.
13:04 of 3rd period - Slapshot by Mattias Janmark.
13:04 of 3rd period - Shot Misses the Net.
13:11 of 3rd period - Nikita Okhotiuk is hit by Calvin De Haan and loses puck.
13:16 of 3rd period - Wrist shot by Travis Boyd.
13:16 of 3rd period - Goal by Travis Boyd - Tappara Tampere : 3 - Toronto St Pats : 3.
13:17 of 3rd period - Brendan Brisson wins face-off versus Kent Johnson in neutral zone.
13:28 of 3rd period - Slapshot by Kent Johnson.
13:28 of 3rd period - Shot Blocked by Pierre-Olivier Joseph.
13:30 of 3rd period - Wrist shot by Kent Johnson.
13:30 of 3rd period - Stopped by Matt Murray with a rebound.
13:32 of 3rd period - Wrist shot by Andrew Cogliano.
13:32 of 3rd period - Deflect By Kent Johnson.
13:32 of 3rd period - Stopped by Matt Murray without a rebound.
13:33 of 3rd period - Travis Boyd wins face-off versus William Eklund in Toronto St Pats zone.
13:44 of 3rd period - Backhand shot by Pierre-Olivier Joseph.
13:44 of 3rd period - Stopped by Chris Driedger without a rebound.
13:45 of 3rd period - Kent Johnson wins face-off versus Brendan Brisson in Tappara Tampere zone.
14:12 of 3rd period - Connor Dewar is hit by Ben Hutton and loses puck.
14:39 of 3rd period - Wrist shot by Travis Boyd.
14:39 of 3rd period - Stopped by Chris Driedger without a rebound.
14:40 of 3rd period - Mackie Samoskevich wins face-off versus Tomas Nosek in Tappara Tampere zone.
14:41 of 3rd period - Snap shot by Brendan Brisson.
14:41 of 3rd period - Shot Misses the Net.
14:57 of 3rd period - Tomas Nosek is hit by Brendan Brisson and loses puck.
15:12 of 3rd period - Slapshot by Scott Perunovich.
15:12 of 3rd period - Shot Misses the Net.
15:26 of 3rd period - Slapshot by Calvin De Haan.
15:26 of 3rd period - Shot Misses the Net.
15:28 of 3rd period - Wrist shot by Dominik Kubalik.
15:28 of 3rd period - Goal by Dominik Kubalik - Tappara Tampere : 4 - Toronto St Pats : 3.
15:29 of 3rd period - Brendan Gaunce wins face-off versus Kent Johnson in neutral zone.
16:13 of 3rd period - Wrist shot by Mackie Samoskevich.
16:13 of 3rd period - Deflect By Austin Watson.
16:13 of 3rd period - Stopped by Chris Driedger with a rebound.
16:15 of 3rd period - Wrist shot by Sam Malinski.
16:15 of 3rd period - Deflect By Brendan Brisson.
16:15 of 3rd period - Stopped by Chris Driedger with a rebound.
16:17 of 3rd period - Slapshot by Lassi Thomson.
16:17 of 3rd period - Deflect By Brendan Brisson.
16:17 of 3rd period - Shot Misses the Net.
16:17 of 3rd period - Puck is out of play.
16:18 of 3rd period - Jayson Megna wins face-off versus Brendan Brisson in Tappara Tampere zone.
16:18 of 3rd period - Austin Watson beats up Jayson Megna.
16:18 of 3rd period - Penalty to Austin Watson for Fighting.
16:18 of 3rd period - Penalty to Jayson Megna for Fighting.
16:19 of 3rd period - Brendan Gaunce wins face-off versus Kent Johnson in Tappara Tampere zone.
16:32 of 3rd period - Brendan Gaunce is hit by Jan Rutta and loses puck.
17:13 of 3rd period - Andreas Englund is hit by Pierre-Olivier Joseph and loses puck.
17:42 of 3rd period - Ben Hutton is hit by Matthew Maggio.
17:57 of 3rd period - Off-side.
17:58 of 3rd period - Connor Dewar wins face-off versus Klim Kostin in neutral zone.
18:01 of 3rd period - Snap shot by Scott Perunovich.
18:01 of 3rd period - Deflect By Travis Boyd.
18:01 of 3rd period - Shot Misses the Net.
18:01 of 3rd period - Puck is out of play.
18:02 of 3rd period - Mattias Janmark wins face-off versus Connor Dewar in Tappara Tampere zone.
18:02 of 3rd period - Mattias Janmark is hit by Scott Perunovich.
18:16 of 3rd period - Slapshot by Calvin De Haan.
18:16 of 3rd period - Stopped by Matt Murray with a rebound.
18:18 of 3rd period - Slapshot by Calvin De Haan.
18:18 of 3rd period - Stopped by Matt Murray with a rebound.
18:57 of 3rd period - Off-side.
18:58 of 3rd period - Glen Gulutzan call a timeout for Toronto St Pats.
18:58 of 3rd period - Tomas Nosek wins face-off versus Connor Dewar in neutral zone.
19:01 of 3rd period - Nick Cousins is hit by Tomas Nosek and loses puck.
19:17 of 3rd period - Toronto St Pats, Matt Murray is pulled from the net.
19:17 of 3rd period - Snap shot by Nick Cousins.
19:17 of 3rd period - Stopped by Chris Driedger with a rebound.
19:19 of 3rd period - Snap shot by Nick Cousins.
19:19 of 3rd period - Stopped by Chris Driedger with a rebound.
19:35 of 3rd period - Wrist shot by Zach Parise.
19:35 of 3rd period - Deflect By Tomas Nosek.
19:35 of 3rd period - Goal by Tomas Nosek - Tappara Tampere : 5 - Toronto St Pats : 3.
19:35 of 3rd period - Matt Murray from Toronto St Pats was sent back in the game.
19:36 of 3rd period - Brendan Gaunce wins face-off versus Kent Johnson in neutral zone.
19:39 of 3rd period - Slapshot by Pierre-Olivier Joseph.
19:39 of 3rd period - Shot Misses the Net.
19:47 of 3rd period - Nikita Okhotiuk is hit by John Klingberg and loses puck.
Goals for this period are 3 for Tappara Tampere vs 1 for Toronto St Pats.
Shots for this period are 14 for Tappara Tampere vs 9 for Toronto St Pats.
Back to the Top